 Dungeon Crawl Stone Soup version 0.29.1-1-gd02db6906a (webtiles) character file.

Game seed: 6437326339434521197

1532 xian the Cleaver (level 8, -6/73 HPs)
             Began as a Hill Orc Berserker on Oct 19, 2022.
             Was a Priest of Trog.
             Mangled by Prince Ribbit (12 damage)
             ... on level 7 of the Dungeon.
             The game lasted 00:15:52 (8832 turns).

xian the Cleaver (Hill Orc Berserker)               Turns: 8832, Time: 00:15:52

Health: -6/73      AC: 10    Str: 22    XL:     8   Next: 85%
Magic:  8/8        EV: 11    Int:  7    God:    Trog [***...]
Gold:   313        SH:  0    Dex: 16    Spells: 7/7 levels left

rFire   . . .      SeeInvis .   a - +1 hand axe
rCold   . . .      Faith    .   (no shield)
rNeg    . . .      Spirit   .   p - +0 scale mail
rPois   .          Reflect  .   l - +0 helmet
rElec   .          Harm     .   h - +0 cloak
rCorr   .          Rampage  .   (no gloves)
Will    .....                   (no boots)
Stlth   ..........              (no amulet)
HPRegen 0.22/turn               m - +6 ring of dexterity
MPRegen 0.11/turn               (no ring)

@: on berserk cooldown, slowed, very slow
A: no striking features
a: Renounce Religion, Berserk, Trog's Hand


You were on level 7 of the Dungeon.
You worshipped Trog.
Trog was most pleased with you.
You visited 1 branch of the dungeon, and saw 7 of its levels.

You collected 313 gold pieces.

Inventory:

Hand Weapons
 a - a +1 hand axe (weapon)
 i - a +2 quarterstaff of chaos
Missiles
 j - a throwing net
 w - 20 poisoned darts (quivered)
Armour
 h - a +0 cloak (worn)
 l - a +0 helmet (worn)
 p - a +0 scale mail (worn)
Jewellery
 m - a +6 ring of dexterity (left hand)
Wands
 r - a wand of digging (7)
Scrolls
 b - a scroll of fear
 e - a scroll of silence
 f - a scroll of enchant weapon
 n - a scroll of vulnerability {unknown}
 o - a scroll of immolation {unknown}
 q - a scroll of amnesia
 s - a scroll of identify
 u - a scroll of brand weapon {unknown}
 v - a scroll of poison {unknown}
 x - a scroll of noise {unknown}
Potions
 c - a potion of resistance
 d - 4 potions of curing


   Skills:
 + Level 7.0 Fighting
 + Level 9.6 Axes
 + Level 1.1 Throwing
 + Level 6.2 Armour
 + Level 3.1 Dodging
 + Level 1.2 Stealth


You had 7 spell levels left.
You didn't know any spells.
Your spell library contained the following spells:

 Spells                   Type           Power      Damage    Failure   Level
 Apportation              Tloc           0%         N/A       75%         1
 Foxfire                  Conj/Fire      0%         2x1d4     75%         1
 Magic Dart               Conj           0%         1d3       75%         1
 Necrotise                Necr           0%         1d4       75%         1
 Summon Small Mammal      Summ           0%         N/A       75%         1
 Searing Ray              Conj           0%         2d4       86%         2
 Conjure Flame            Conj/Fire      0%         6-21      98%         3
 Gell's Gravitas          Tloc           0%         N/A       98%         3
 Inner Flame              Hex/Fire       0%         N/A       98%         3
 Stone Arrow              Conj/Erth      0%         3d7       98%         3
 Teleport Other           Tloc           0%         N/A       98%         3
 Tukima's Dance           Hex            0%         N/A       98%         3
 Animate Armour           Summ/Erth      0%         N/A       100%        4
 Flame Wave               Conj/Fire      0%         2d4       100%        4
 Fulminant Prism          Conj/Hex       0%         3d6       100%        4
 Passage of Golubria      Tloc           0%         N/A       100%        4
 Yara's Violent Unravell  Hex/Tmut       0%         3d3       100%        5
 Dispersal                Tloc           0%         N/A       100%        6
 Lehudib's Crystal Spear  Conj/Erth      0%         10d2      100%        8


Dungeon Overview and Level Annotations

Branches:
Dungeon (7/15)             Temple (0/1) D:4

Altars:
Fedhas
Kikubaaqudgha
Qazlal
Sif Muna
Trog

Annotations:
D:7 Prince Ribbit


Message History

Unknown command.
You miss Prince Ribbit.
Prince Ribbit is lightly wounded.
Prince Ribbit hits you.
Unknown command.
You hit Prince Ribbit.
Prince Ribbit is moderately wounded.
Prince Ribbit barely misses you. Prince Ribbit closely misses you.
Unknown command.
You hit Prince Ribbit.
Prince Ribbit is moderately wounded.
Prince Ribbit hits you but does no damage.
Prince Ribbit closely misses you.
Unknown command.
You hit Prince Ribbit.
Prince Ribbit is heavily wounded.
Prince Ribbit hits you but does no damage.
Prince Ribbit hits you!
Unknown command.
You barely miss Prince Ribbit.
Prince Ribbit is heavily wounded.
Prince Ribbit hits you but does no damage.
Unknown command.
You closely miss Prince Ribbit.
Prince Ribbit is heavily wounded.
Prince Ribbit hits you. Prince Ribbit barely misses you.
Unknown command.
You closely miss Prince Ribbit.
Prince Ribbit is heavily wounded.
Prince Ribbit hits you.
* * * LOW HITPOINT WARNING * * *
Prince Ribbit hits you.
* * * LOW HITPOINT WARNING * * *
Prince Ribbit barely misses you. Prince Ribbit closely misses you.
There is a stone staircase leading up here.
Prince Ribbit hits you!
* * * LOW HITPOINT WARNING * * *
Prince Ribbit hits you!
You die... >gF

#)##.#...###......... g#.
####......#...#........
...##.....#.#####.........
#g.#.)##.##.g.....##.##.####
#.g.........######).........
g...####.##.# #.)........
g.#.# #.##.# #))........ .
#.# #....######).........
#.# #......[)@F)###..####
#.# #...########## #.#
......#.# .# .##...... . .
#...... . ......>.. ..
#.#######


You could see Prince Ribbit.

Vanquished Creatures
  An ice beast (D:6)
  A sky beast (D:6)
  A black bear (D:6)
  An orc warrior (D:5)
  An ogre (D:5)
  A phantom (D:5)
  A kobold brigand (D:6)
  A bullfrog (D:6)
  A gnoll sergeant (D:6)
  A jelly (D:6)
  3 hounds
  2 orc priests
  Crazy Yiuf (D:2)
  Jessica (D:2)
  2 iguanas
  3 orc wizards
  20 gnolls
  13 adders
  A white imp (D:6)
  An ufetubus (D:5)
  4 worms
  3 dart slugs
  9 orcs
  8 bats
  2 endoplasms
  2 giant cockroaches
  10 goblins
  5 hobgoblins
  10 jackals
  3 quokkas
  7 ball pythons
  2 frilled lizards (D:1)
  17 kobolds
  3 rats
142 creatures vanquished.

Vanquished Creatures (others)
  A fungus (D:5)
  20 plants
21 creatures vanquished.

Grand Total: 163 creatures vanquished

Notes
Turn   | Place    | Note
-------+----------+-------------------------------------------
     0 | D:1      | xian the Hill Orc Berserker began the quest for the Orb.
     0 | D:1      | Reached XP level 1. HP: 19/19 MP: 1/1
   256 | D:1      | Reached XP level 2. HP: 11/27 MP: 2/2
   802 | D:1      | Reached XP level 3. HP: 25/33 MP: 3/3
  1507 | D:1      | Reached ** piety under Trog
  2156 | D:2      | Reached skill level 5 in Axes
  2159 | D:2      | Reached XP level 4. HP: 41/41 MP: 4/4
  2587 | D:2      | Noticed Jessica
  2595 | D:2      | Killed Jessica
  2690 | D:2      | Found a runed translucent door.
  2691 | D:2      | Noticed Crazy Yiuf
  2700 | D:2      | Killed Crazy Yiuf
  2701 | D:2      | Reached XP level 5. HP: 47/47 MP: 5/5
  3299 | D:3      | Found a shimmering blue altar of Sif Muna.
  3311 | D:3      | Reached skill level 6 in Axes
  4578 | D:4      | Reached XP level 6. HP: 53/55 MP: 6/6
  4656 | D:4      | Reached skill level 5 in Fighting
  4937 | D:4      | Found a staircase to the Ecumenical Temple.
  4953 | D:4      | Found a bloodstained altar of Trog.
  5527 | D:5      | Entered Level 5 of the Dungeon
  5568 | D:5      | Reached skill level 7 in Axes
  5759 | D:5      | Reached XP level 7. HP: 61/61 MP: 7/7
  5949 | D:5      | Reached skill level 1 in Stealth
  6008 | D:5      | Reached *** piety under Trog
  6532 | D:5      | Found a stormy altar of Qazlal.
  6562 | D:5      | Found a blossoming altar of Fedhas.
  6766 | D:6      | Reached skill level 8 in Axes
  6771 | D:6      | Reached XP level 8. HP: 70/70 MP: 8/8
  7285 | D:6      | Reached skill level 5 in Armour
  7595 | D:6      | Reached skill level 9 in Axes
  7874 | D:6      | Found an ancient bone altar of Kikubaaqudgha.
  8564 | D:7      | Reached skill level 1 in Throwing
  8574 | D:7      | Noticed Prince Ribbit
  8832 | D:7      | Mangled by Prince Ribbit

Illustrated notes

Levels and vault maps discovered:
D:1:      lemuel_arrival_tunnels, layout_basic, kennysheep_small_spiral,
          dk_noncrumbling_4, hangedman_glass_garden
D:2:      minmay_evil_eye, layout_loops_ring, hangedman_decor_opposing,
          uniq_crazy_yiuf_cottage, uniq_jessica
D:3:      layout_loops_cross, kennysheep_orc_sif_temple, serial_bayou,
          serial_bayou_crossing, serial_bayou_shore_a, serial_bayou_lagoon_b,
          serial_bayou_shore_b, grunt_decor_fettered
D:4:      layout_basic, bloody_trog, minmay_temple_entry_antechambers,
          grunt_decor_mini_mirrors, ebering_dispersal_statue_hall
D:5:      layout_cave_pools, grunt_temple_overflow_forces_of_nature,
          minivault_11, minmay_hedge_maze
D:6:      layout_loops_cross, overflow_temple_1_default,
          dreamdust_princess_bridge
D:7:      layout_rooms, kennysheep_mini, uniq_joseph, uniq_prince_ribbit1,
          uniq_maggie

Skill      XL: |  1  2  3  4  5  6  7  8 |
---------------+-------------------------+-----
Fighting       | 4 5 6 7 |  7.0
Dodging        | 2 3 |  3.1
Axes           | 5 6 7 8 9 |  9.6
Armour         | 3 4 6 |  6.2
Stealth        | 1 |  1.2
Throwing       | 1 |  1.1

Action                   |  1- 3 |  4- 6 |  7- 9 || total
-------------------------+-------+-------+-------++-------
Melee: Hand axe          |   116 |   201 |   226 ||   543
       Punch             |     1 |     5 |     7 ||    13
Throw: Dart              |       |       |    17 ||    17
       Throwing net      |       |       |     1 ||     1
Invok: Berserk           |     1 |     6 |     8 ||    15
       Trog's Hand       |       |     1 |     1 ||     2
  Use: Scroll            |       |     1 |     6 ||     7
       Potion            |       |       |     5 ||     5
Armor: Animal skin       |    35 |    13 |       ||    48
       Ring mail         |       |    38 |       ||    38
       Scale mail        |       |     7 |   105 ||   112
Dodge: Dodged            |   107 |   136 |   154 ||   397
